 Dungeon Crawl Stone Soup version 0.25.1-9-gc5326a611f (webtiles) character file.

Game seed: 5260462678877617557

795 Garenzo the Shooter (level 7, -8/61 HPs)
             Began as a Centaur Hunter on Dec 26, 2020.
             Was a Believer of Okawaru.
             Mangled by Duvessa
             ... wielding a +0 short sword of venom
              (12 damage)
             ... on level 6 of the Dungeon on Dec 27, 2020.
             The game lasted 00:22:45 (5335 turns).

Garenzo the Shooter (Centaur Hunter)                Turns: 5335, Time: 00:22:45

Health: -8/61      AC:  6    Str: 16    XL:     7   Next: 58%
Magic:  10/10      EV:  9    Int: 10    God:    Okawaru [**....]
Gold:   212        SH:  0    Dex: 10    Spells: 6/6 levels left

rFire    . . .     SeeInvis .   A - +2 short sword (speed)
rCold    . . .     Gourm    .   (no shield)
rNeg     . . .     Faith    .   n - +0 ring mail
rPois    .         Spirit   .   (no helmet)
rElec    .         Reflect  .   v - +0 cloak
rCorr    .         Harm     .   (no gloves)
MR       .....                  (no barding)
Stlth    +.........             (no amulet)
HPRegen  0.20/turn              (no ring)
MPRegen  0.12/turn              (no ring)

@: lethally poisoned (-8 -> -28), flying, very quick
A: large, hooves 3, deformed body, speed 2, tough skin 3
a: Heroism, Renounce Religion


You were on level 6 of the Dungeon.
You worshipped Okawaru.
Okawaru was pleased with you.
You were not hungry.

You visited 1 branch of the dungeon, and saw 5 of its levels.

You collected 212 gold pieces.

Inventory:

Hand Weapons
 a - a +1 shortbow
 b - a +0 short sword
 l - a +0 great sword
 A - a +2 short sword of speed (weapon)
Missiles
 d - 9 arrows
Armour
 c - a +0 leather armour
 n - a +0 ring mail (worn)
 o - a +0 cloak
 v - a +0 cloak (worn)
 w - a +2 buckler
Jewellery
 j - an uncursed ring of fire {unknown}
 r - an uncursed ring of resist corrosion {unknown}
Wands
 u - a wand of acid (11)
 x - a wand of digging (6)
Scrolls
 e - 5 scrolls of identify
 g - 2 scrolls of enchant armour
 i - 2 scrolls of teleportation
 m - a scroll of random uselessness {unknown}
 q - a scroll of fog {unknown}
 s - a scroll of magic mapping {unknown}
 t - a scroll of fear {unknown}
 y - a scroll of enchant weapon {unknown}
Potions
 h - a potion of ambrosia {unknown}
 p - a potion of resistance {unknown}
 z - a potion of haste {unknown}
 B - a potion of stabbing {unknown}
Comestibles
 f - 8 rations
 C - 3 chunks of flesh


   Skills:
 - Level 5.0 Fighting
 - Level 6.0 Bows
 - Level 4.0 Throwing
 - Level 2.0 Dodging
 - Level 1.0 Stealth
 * Level 4.4 Evocations


You had 6 spell levels left.
You didn't know any spells.
Your spell library was empty.

Dungeon Overview and Level Annotations

Branches:
Dungeon (6/15)
 Temple: D:4-7

Altars:
Okawaru

Annotations:
D:6 Duvessa


Innate Abilities, Weirdness & Mutations

You have hooves in place of feet.
Armour fits poorly on your strangely shaped body.
You cover ground very quickly.
You have extremely tough skin. (AC +3)


Message History

You feel sick.
You feel sick.
Duvessa hits you with a +0 short sword of venom!
* * * LOW HITPOINT WARNING * * *
You are more poisoned.
There is an open gate here.
* * * LOW HITPOINT WARNING * * *
You feel sick.
There is an open gate here.
* * * LOW HITPOINT WARNING * * *
You feel sick.
Duvessa rages.
There is an open gate here.
It was a potion of flight.
You feel very buoyant.
You fly up into the air.
* * * LOW HITPOINT WARNING * * *
You feel sick.
Duvessa hits you with a +0 short sword of venom!
You die...

#.###....#.# #......#.#.....#
#.....#..#.# #......#.#...(.[
####..#.##.# ###......#.....###
#..#.##.# #.....####........
#..#.##.# #.....# #.###.###
#..#.##.###.....# #........
#..#.#.........)######<.####
#..#.###...........##...####
#..#.# #...@e'.....[)..###..
######..#.###...###.....#####....
........#.........#######........
#######.###....##.# ###...##.)...
......h...........###......#.....
..##......#.....###........##....
. #......#####..)[.........#....
..##...(..# ####..........##...
.....(##.## #...........#...


You could see Duvessa (berserk).

Vanquished Creatures
  A sky beast (D:5)
  A centaur (D:6)
  Dowan (D:6)
  2 scorpions (D:5)
  A howler monkey (D:6)
  A crimson imp (D:5)
  A bullfrog zombie (D:5)
  2 hounds (D:6)
  3 orc priests (D:6)
  Terence (D:2)
  2 orc wizards
  2 worker ants (D:5)
  2 hound skeletons (D:6)
  An adder (D:2)
  An adder skeleton (D:6)
  2 worms
  A leopard gecko (D:5)
  9 orcs (D:6)
  5 giant cockroaches
  5 goblins
  A hobgoblin (D:2)
  2 jackals (D:6)
  A quokka (D:2)
  2 ball pythons (D:1)
  6 bats
  2 frilled lizards (D:2)
  8 kobolds
  4 rats
70 creatures vanquished.

Notes
Turn   | Place    | Note
-------+----------+-------------------------------------------
     0 | D:1      | Garenzo the Centaur Hunter began the quest for the Orb.
     0 | D:1      | Reached XP level 1. HP: 17/17 MP: 1/1
   104 | D:1      | Reached XP level 2. HP: 24/24 MP: 2/2
   436 | D:1      | Found an iron altar of Okawaru.
   482 | D:1      | Became a worshipper of Warmaster Okawaru
   844 | D:2      | Reached skill level 1 in Stealth
  1026 | D:2      | Reached XP level 3. HP: 30/30 MP: 3/3
  1063 | D:2      | Noticed Terence
  1106 | D:2      | Killed Terence
  1366 | D:2      | Reached skill level 6 in Bows
  1545 | D:3      | Reached XP level 4. HP: 37/37 MP: 4/4
  1589 | D:3      | You fall into a shaft and drop 2 floors!
  1589 | D:5      | Entered Level 5 of the Dungeon
  1738 | D:5      | Reached skill level 1 in Evocations
  1876 | D:5      | Reached XP level 5. HP: 25/46 MP: 4/6
  2122 | D:5      | Noticed a sky beast
  2323 | D:5      | Reached * piety under Okawaru
  2323 | D:5      | Reached skill level 1 in Throwing
  2610 | D:5      | Killed a sky beast
  2610 | D:5      | Reached XP level 6. HP: 48/53 MP: 7/7
  3004 | D:6      | Noticed an orc warrior
  3271 | D:6      | Reached ** piety under Okawaru
  3271 | D:6      | Reached XP level 7. HP: 50/60 MP: 9/9
  3783 | D:6      | Reached skill level 5 in Fighting
  4718 | D:6      | Noticed Duvessa
  5121 | D:6      | Noticed Dowan
  5140 | D:6      | Killed Dowan
  5335 | D:6      | Mangled by Duvessa

Illustrated notes

Levels and vault maps discovered:
D:1:      saegor_arrival_simple_b, layout_rooms, kennysheep_small_spiral,
          kennysheep_flooded_box
D:2:      layout_basic, first_ration, nrook_uturn, uniq_terence
D:3:      layout_rooms, serial_bayou_pond_c, minmay_circle_x
D:5:      layout_rooms, grunt_ministairs_6
D:6:      minmay_skewed_foursquare, layout_basic, uniq_duvessa

Skill      XL: |  1  2  3  4  5  6  7 |
---------------+----------------------+-----
Stealth        | 1 |  1.0
Dodging        | 2 |  2.0
Bows           | 6 |  6.0
Fighting       | 3 4 5 |  5.0
Evocations     | 1 2 3 4 |  4.4
Throwing       | 2 3 4 |  4.0

Action                   |  1- 3 |  4- 6 |  7- 9 || total
-------------------------+-------+-------+-------++-------
Melee: Shortbow          |       |     3 |       ||     3
       Kick              |       |     1 |     3 ||     4
       Short sword       |       |       |    11 ||    11
 Fire: Shortbow          |   105 |   133 |   100 ||   338
Throw: Throwing net      |       |     2 |       ||     2
Invok: Heroism           |       |       |     2 ||     2
  Use: Scroll            |       |       |     2 ||     2
       Potion            |       |       |     1 ||     1
  Eat: Chunk             |     1 |       |     3 ||     4
       Ration            |       |     1 |     1 ||     2
Armor: Leather armour    |     6 |       |       ||     6
       Ring mail         |     7 |    27 |     8 ||    42
Dodge: Dodged            |     7 |    21 |    22 ||    50
